 Seeded DCSS version 0.29.0-13-gc9e81de378 (webtiles) character file.

Game seed: 3875183420463564524 (custom seed)

9 bwicke the Vexing (level 1, -10/14 HPs)
             Began as a Demigod Enchanter on Sept 8, 2022.
             Mangled by a gnoll
             ... wielding a +0 flail
              (12 damage)
             ... on level 1 of the Dungeon.
             The game lasted 00:00:42 (419 turns).

bwicke the Vexing (Demigod Enchanter)                Turns: 419, Time: 00:00:43

Health: -10/14     AC:  2    Str:  9    XL:     1   Next: 86%
Magic:  5/5        EV: 12    Int: 17    God:
Gold:   0          SH:  0    Dex: 14    Spells: 3/3 levels left

rFire   . . .      SeeInvis .   a - +1 dagger
rCold   . . .      Faith    .   (no shield)
rNeg    . . .      Spirit   .   b - +0 robe
rPois   .          Reflect  .   (no helmet)
rElec   .          Harm     .   (no cloak)
rCorr   .          Rampage  .   (no gloves)
Will    .....                   (no boots)
Stlth   ++........              (no amulet)
HPRegen 0.04/turn               (no ring)
MPRegen 0.09/turn               (no ring)

@: no status effects
A: high MP 1, forlorn, divine attributes
a: no special abilities


You were on level 1 of the Dungeon.
You visited 1 branch of the dungeon, and saw 1 of its levels.

Inventory:

Hand Weapons
 a - a +1 dagger (weapon)
Missiles
 e - 2 poisoned darts (quivered)
Armour
 b - a +0 robe (worn)
 d - a +0 kite shield
Potions
 c - 2 potions of invisibility


   Skills:
 - Level 0.8(1.3) Short Blades
 + Level 1.5(1.7) Long Blades
 - Level 1.7 Dodging
 - Level 2.6 Stealth
 - Level 1.7 Spellcasting
 - Level 2.6 Hexes


You had 3 spell levels left.
You didn't know any spells.
Your spell library contained the following spells:

 Spells                   Type           Power      Damage    Failure   Level
 Ensorcelled Hibernation  Hex/Ice        12%        N/A       17%         2
 Confusing Touch          Hex            10%        N/A       21%         3
 Tukima's Dance           Hex            10%        N/A       21%         3
 Dazzling Flash           Conj/Hex       12%        N/A       34%         3


Dungeon Overview and Level Annotations

Branches:
Dungeon (1/15)


Innate Abilities, Weirdness & Mutations

You have an increased reservoir of magic. (+10% MP)
You shall have no god before yourself.
Your divine heritage dramatically boosts your attributes as you level up.


Message History

The rat is severely wounded.
The rat bites you.
You hit the rat.
You kill the rat!
You hit the goblin.
You kill the goblin!
Things that are here:
a +0 club; a rat corpse
Found 4 poisoned darts.
A gnoll comes into view. It is wielding a +0 flail.
The gnoll shouts!
The gnoll moves out of view.
You see here 4 poisoned darts.
e - 4 poisoned darts Throw: 4 darts (poison)
Press: ? - help, Q - select action Shift-Dir - straight line, f - gnoll
Aim: a gnoll, wielding a +0 flail (61% to hit)
You throw a poisoned dart. The poisoned dart hits the gnoll.
The gnoll is poisoned.
Unknown command.
Throw: 3 darts (poison)
Press: ? - help, Q - select action Shift-Dir - straight line, f/p - gnoll
Aim: a gnoll, wielding a +0 flail (poisoned, 61% to hit)
You throw a poisoned dart. The poisoned dart hits the gnoll.
Unknown command.
You hit the gnoll.
The gnoll is lightly wounded.
The gnoll hits you with a +0 flail!
Ouch! That really hurt!
You completely miss the gnoll.
The gnoll is lightly wounded.
The gnoll closely misses you.
A goblin comes into view. It is wielding a +0 dagger.
You closely miss the gnoll.
The gnoll is lightly wounded.
The gnoll hits you with a +0 flail.
* * * LOW HITPOINT WARNING * * *
The gnoll attacks as you move away! The gnoll hits you with a +0 flail!
Ouch! That really hurt!
You die...

.. .#..#......##.#
..............##.### #..
...#............
#.#.#..#......####.#
#!#.#..#......# #.#
#.#....#......# #..
#.###..#......# ###
..#.###.##.).>...####
........g@....#.........
.#.###.#######.........
#.# #......... #(#
#......... ..g.....#
#......... #.......#
#......... ###....$#
#......... #.....#
#.....#


You could see a gnoll (poisoned).

Vanquished Creatures
  A dart slug (D:1)
  A giant cockroach (D:1)
  A goblin (D:1)
  A quokka (D:1)
  A frilled lizard (D:1)
  2 rats (D:1)
7 creatures vanquished.

Notes
Turn   | Place    | Note
-------+----------+-------------------------------------------
     0 | D:1      | bwicke the Demigod Enchanter began the quest for the Orb.
     0 | D:1      | Reached XP level 1. HP: 14/14 MP: 5/5
    39 | D:1      | Reached skill level 1 in Long Blades
   419 | D:1      | Mangled by a gnoll

Illustrated notes

Levels and vault maps discovered:
D:1:      elethiomel_arrival_infinity_welcomes_careful_drivers, layout_basic

Skill      XL: |  1 |
---------------+----+-----
Long Blades    | 1 |  1.5
Short Blades   | |  0.8
Dodging        | |  1.7
Stealth        | |  2.6
Spellcasting   | |  1.7
Hexes          | |  2.6

Action                   || total
-------------------------++-------
Melee: Dagger            ||    25
Throw: Dart              ||     2
Armor: Robe              ||     3
Dodge: Dodged            ||     8
